PA
EUGENE VANDALS @ MYRTLE BEACH SEAHAWKS
07/29/2042
 
TOP OF THE 1ST
Eugene Vandals batting - Pitching for Myrtle Beach Seahawks : RHP Alan Haas
Pitching: RHP Alan Haas
Batting: RHB Jorge Quintana 0-0: Ground out 4-3 (Groundball, 4, EV 105.0 MPH)
Batting: RHB Ángel Júlio 0-0: Foul Ball, location: 2F
0-1: Fly out, F8 (Flyball, 8LM, EV 78.1 MPH)
Batting: RHB Adrián Serrano 0-0: Called Strike
0-1: Foul Ball, location: 2F
0-2: Foul Ball, location: 2F
0-2: Ball
1-2: Strikes out swinging
Top of the 1st over - 0 runs, 0 hits, 0 errors, 0 left on base; Eugene 0 - Myrtle Beach 0
BOTTOM OF THE 1ST
Myrtle Beach Seahawks batting - Pitching for Eugene Vandals : RHP Juan Salas
Pitching: RHP Juan Salas
Batting: LHB Don Clark 0-0: Called Strike
0-1: Ball
1-1: Foul Ball, location: 2F
1-2: Foul Ball, location: 2F
1-2: Fly out, F6 (Popup, P, EV 73.1 MPH)
Batting: LHB John Allen 0-0: Foul Ball, location: 2F
0-1: Swinging Strike
0-2: Foul Ball, location: 2F
0-2: Fly out, F7 (Flyball, 7LS, EV 97.5 MPH)
Batting: RHB Darren Gordam 0-0: Ball
1-0: Fly out, F8 (Flyball, 8RM, EV 81.9 MPH)
Bottom of the 1st over - 0 runs, 0 hits, 0 errors, 0 left on base; Eugene 0 - Myrtle Beach 0
TOP OF THE 2ND
Eugene Vandals batting - Pitching for Myrtle Beach Seahawks : RHP Alan Haas
Batting: LHB Roosevelt Cartledge 0-0: Ball
1-0: Ball
2-0: Called Strike
2-1: Ball
3-1: Fly out, F5 (Popup, 56, EV 81.9 MPH)
Batting: SHB Dave Richards 0-0: Ball
1-0: Foul Ball, location: 2F
1-1: Swinging Strike
1-2: Strikes out swinging
Batting: RHB Ken Francis 0-0: Swinging Strike
0-1: Ball
1-1: Foul Ball, location: 2F
1-2: Foul Ball, location: 2F
1-2: Foul Ball, location: 2F
1-2: Ball
2-2: Foul Ball, location: 2F
2-2: Foul Ball, location: 2F
2-2: Ball
3-2: Strikes out swinging
Top of the 2nd over - 0 runs, 0 hits, 0 errors, 0 left on base; Eugene 0 - Myrtle Beach 0
BOTTOM OF THE 2ND
Myrtle Beach Seahawks batting - Pitching for Eugene Vandals : RHP Juan Salas
Batting: RHB Wendel Koudstaal 0-0: Ball
1-0: Ball
2-0: Swinging Strike
2-1: Foul Ball, location: 2F
2-2: Ball
3-2: Foul Ball, location: 2F
3-2: Foul Ball, location: 2F
3-2: Fly out, F9 (Line Drive, 9, EV 89.4 MPH)
Batting: RHB Cristo Lucas 0-0: Swinging Strike
0-1: Ball
1-1: Called Strike
1-2: Ball
2-2: Ball
3-2: Fly out, F8 (Flyball, 8LM, EV 73.1 MPH)
Batting: LHB Anton Zdravomyslov 0-0: Foul Ball, location: 2F
0-1: Foul Ball, location: 2F
0-2: Ball
1-2: Ball
2-2: Foul Ball, location: 2F
2-2: Ball
3-2: SOLO HOME RUN (Flyball, 9D, EV 91.9 MPH), Distance : 404 ft
Batting: RHB Xavier Botín 0-0: Ball
1-0: Swinging Strike
1-1: Swinging Strike
1-2: Ball
2-2: Ball
3-2: Foul Ball, location: 2F
3-2: Foul Ball, location: 2F
3-2: Base on Balls
Batting: RHB Bartolo Ayala 0-0: Ball
1-0: Called Strike
1-1: Foul Ball, location: 2F
1-2: Fly out, F9 (Flyball, 9D, EV 86.9 MPH)
Bottom of the 2nd over - 1 run, 1 hit, 0 errors, 1 left on base; Eugene 0 - Myrtle Beach 1
TOP OF THE 3RD
Eugene Vandals batting - Pitching for Myrtle Beach Seahawks : RHP Alan Haas
Batting: RHB Johnny Schultz 0-0: Foul Ball, location: 2F
0-1: Swinging Strike
0-2: Strikes out swinging
Batting: RHB Tim Jarvis 0-0: Called Strike
0-1: Ground out 6-3 (Groundball, 6, EV 85.0 MPH)
Batting: RHB Will Ross 0-0: Ball
1-0: Ball
2-0: Ball
3-0: Called Strike
3-1: Base on Balls
Batting: RHB Jorge Quintana 0-0: Fly out, F4 (Popup, 34D, EV 66.9 MPH)
Top of the 3rd over - 0 runs, 0 hits, 0 errors, 1 left on base; Eugene 0 - Myrtle Beach 1
BOTTOM OF THE 3RD
Myrtle Beach Seahawks batting - Pitching for Eugene Vandals : RHP Juan Salas
Batting: RHB Andrew Sprinkle 0-0: Fly out, F8 (Flyball, 78S, EV 82.5 MPH)
Batting: LHB Don Clark 0-0: SINGLE (Line Drive, 4MD, EV 98.8 MPH)
Batting: LHB John Allen 0-0: Called Strike
0-1: Foul Ball, location: 2F
0-2: Foul Ball, location: 2F
0-2: Ball
1-2: Foul Ball, location: 2F
1-2: Foul Ball, location: 2F
1-2: Foul Ball, location: 2F
1-2: 2-RUN HOME RUN (Flyball, 9LD, EV 109.4 MPH), Distance : 352 ft
Batting: RHB Darren Gordam 0-0: SOLO HOME RUN (Line Drive, 7D, EV 98.1 MPH), Distance : 421 ft
Batting: RHB Wendel Koudstaal 0-0: Swinging Strike
0-1: Ball
1-1: Ground out 4-3 (Groundball, 4, EV 103.8 MPH)
Batting: RHB Cristo Lucas 0-0: Called Strike
0-1: Swinging Strike
0-2: Strikes out swinging
Bottom of the 3rd over - 3 runs, 3 hits, 0 errors, 0 left on base; Eugene 0 - Myrtle Beach 4
TOP OF THE 4TH
Eugene Vandals batting - Pitching for Myrtle Beach Seahawks : RHP Alan Haas
Batting: RHB Ángel Júlio 0-0: Fly out, F5 (Line Drive, 5, EV 66.9 MPH)
Batting: RHB Adrián Serrano 0-0: Ball
1-0: Called Strike
1-1: Ball
2-1: Swinging Strike
2-2: Ball
3-2: Strikes out looking
Batting: LHB Roosevelt Cartledge 0-0: Ball
1-0: SINGLE (Flyball, 7S, EV 93.8 MPH)
Batting: SHB Dave Richards 0-0: Called Strike
0-1: SINGLE (Groundball, 3, EV 86.9 MPH) (infield hit)
Roosevelt Cartledge to second
Batting: RHB Ken Francis 0-0: Ball
1-0: Ball
2-0: Foul Ball, location: 2F
2-1: Called Strike
2-2: Ball
3-2: Base on Balls
Roosevelt Cartledge to third
Dave Richards to second
Batting: RHB Johnny Schultz 0-0: Ball
1-0: Ball
2-0: Foul Ball, location: 2F
2-1: Swinging Strike
2-2: Ball
3-2: Strikes out swinging
Top of the 4th over - 0 runs, 2 hits, 0 errors, 3 left on base; Eugene 0 - Myrtle Beach 4
BOTTOM OF THE 4TH
Myrtle Beach Seahawks batting - Pitching for Eugene Vandals : RHP Juan Salas
Batting: LHB Anton Zdravomyslov 0-0: Called Strike
0-1: Ball
1-1: Ball
2-1: Ground out 4-3 (Groundball, 4, EV 108.1 MPH)
Batting: RHB Xavier Botín 0-0: Ground out 4-3 (Groundball, 4, EV 91.9 MPH)
Batting: RHB Bartolo Ayala 0-0: Foul Ball, location: 2F
0-1: Foul Ball, location: 2F
0-2: Foul Ball, location: 2F
0-2: Fly out, F8 (Flyball, 8RXD, EV 99.4 MPH)
Bottom of the 4th over - 0 runs, 0 hits, 0 errors, 0 left on base; Eugene 0 - Myrtle Beach 4
TOP OF THE 5TH
Eugene Vandals batting - Pitching for Myrtle Beach Seahawks : RHP Alan Haas
Batting: RHB Tim Jarvis 0-0: Ball
1-0: Foul Ball, location: 2F
1-1: Called Strike
1-2: Ball
2-2: Foul Ball, location: 2F
2-2: Ball
3-2: Base on Balls
Batting: RHB Will Ross 0-0: Swinging Strike
0-1: Foul Ball, location: 2F
0-2: Ball
1-2: Ball
2-2: Strikes out swinging
Batting: RHB Jorge Quintana 0-0: Foul Ball, location: 2F
0-1: Foul Ball, location: 2F
0-2: Ball
1-2: Fly out, F9 (Line Drive, 9, EV 103.8 MPH)
Batting: RHB Ángel Júlio 0-0: Ball
1-0: Called Strike
1-1: Fly out, F8 (Line Drive, 8LM, EV 106.9 MPH)
Top of the 5th over - 0 runs, 0 hits, 0 errors, 1 left on base; Eugene 0 - Myrtle Beach 4
BOTTOM OF THE 5TH
Myrtle Beach Seahawks batting - Pitching for Eugene Vandals : RHP Juan Salas
Batting: RHB Andrew Sprinkle 0-0: Foul Ball, location: 2F
0-1: Ball
1-1: Foul Ball, location: 2F
1-2: Ball
2-2: Foul Ball, location: 2F
2-2: Ball
3-2: Ground out 1-3 (Groundball, 15S, EV 66.2 MPH)
Batting: LHB Don Clark 0-0: Ball
1-0: SINGLE (Line Drive, 7S, EV 100.0 MPH)
Batting: LHB John Allen 0-0: Fly out, F7 (Flyball, 7S, EV 88.8 MPH)
Batting: RHB Darren Gordam 0-0: DOUBLE (Line Drive, 9LS, EV 96.2 MPH)
Don Clark to third
Runner from 3rd tries for Home, SAFE, throw by RF to trailing runner, SAFE at third!
Pitching: LHP Jake Sewell
Batting: RHB Wendel Koudstaal 0-0: Ball
1-0: Ball
2-0: Foul Ball, location: 2F
2-1: Swinging Strike
2-2: Fly out, F5 (Popup, 15S, EV 88.1 MPH)
Bottom of the 5th over - 1 run, 2 hits, 0 errors, 1 left on base; Eugene 0 - Myrtle Beach 5
TOP OF THE 6TH
Eugene Vandals batting - Pitching for Myrtle Beach Seahawks : RHP Alan Haas
Pitching: RHP Joe Gregg
Batting: RHB Adrián Serrano 0-0: Called Strike
0-1: Called Strike
0-2: Foul Ball, location: 2F
0-2: Strikes out swinging
Batting: LHB Roosevelt Cartledge 0-0: Ball
1-0: Called Strike
1-1: Fly out, F7 (Flyball, 7D, EV 102.5 MPH)
Batting: SHB Dave Richards 0-0: Ball
1-0: SINGLE (Groundball, 4S, EV 81.2 MPH) (infield hit)
Batting: RHB Ken Francis 0-0: Ball
1-0: Swinging Strike
1-1: SINGLE (Groundball, 6, EV 76.9 MPH) (infield hit)
Dave Richards to second
Batting: RHB Johnny Schultz 0-0: Foul Ball, location: 2F
0-1: Foul Ball, location: 2F
0-2: Strikes out swinging
Top of the 6th over - 0 runs, 2 hits, 0 errors, 2 left on base; Eugene 0 - Myrtle Beach 5
BOTTOM OF THE 6TH
Myrtle Beach Seahawks batting - Pitching for Eugene Vandals : LHP Jake Sewell
Batting: RHB Cristo Lucas 0-0: Ball
1-0: Ball
2-0: Called Strike
2-1: Foul Ball, location: 2F
2-2: Ball
3-2: Fly out, F8 (Flyball, 8RXD, EV 90.6 MPH)
Batting: LHB Anton Zdravomyslov 0-0: Ball
1-0: SINGLE (Popup, 56D, EV 58.1 MPH)
Batting: RHB Xavier Botín 0-0: Foul Ball, location: 2F
0-1: Ball
1-1: Foul Ball, location: 2F
1-2: Foul Ball, location: 2F
1-2: Ball
2-2: Ball
3-2: Base on Balls
Anton Zdravomyslov to second
Batting: RHB Bartolo Ayala 0-0: Foul Ball, location: 2F
0-1: Ball
1-1: Foul Ball, location: 2F
1-2: Ball
2-2: Fly out, F8 (Flyball, 8RS, EV 91.2 MPH)
Batting: RHB Andrew Sprinkle 0-0: Ball
1-0: Called Strike
1-1: Foul Ball, location: 2F
1-2: Fly out, F8 (Flyball, 8RD, EV 97.5 MPH)
Bottom of the 6th over - 0 runs, 1 hit, 0 errors, 2 left on base; Eugene 0 - Myrtle Beach 5
TOP OF THE 7TH
Eugene Vandals batting - Pitching for Myrtle Beach Seahawks : RHP Joe Gregg
Batting: RHB Tim Jarvis 0-0: Ball
1-0: Called Strike
1-1: Foul Ball, location: 2F
1-2: Ball
2-2: Foul Ball, location: 2F
2-2: Strikes out swinging
Batting: RHB Will Ross 0-0: Called Strike
0-1: Ball
1-1: Swinging Strike
1-2: Ball
2-2: Strikes out looking
Batting: RHB Jorge Quintana 0-0: Ball
1-0: Swinging Strike
1-1: Ball
2-1: Foul Ball, location: 2F
2-2: Foul Ball, location: 2F
2-2: Ball
3-2: Strikes out swinging
Top of the 7th over - 0 runs, 0 hits, 0 errors, 0 left on base; Eugene 0 - Myrtle Beach 5
BOTTOM OF THE 7TH
Myrtle Beach Seahawks batting - Pitching for Eugene Vandals : LHP Jake Sewell
Batting: LHB Don Clark 0-0: Ball
1-0: Called Strike
1-1: Ball
2-1: Ball
3-1: Swinging Strike
3-2: Fly out, F8 (Flyball, 89D, EV 86.9 MPH)
Batting: LHB John Allen 0-0: Ball
1-0: Foul Ball, location: 2F
1-1: Called Strike
1-2: Ball
2-2: Foul Ball, location: 2F
2-2: Ball
3-2: Foul Ball, location: 2F
3-2: Base on Balls
Batting: RHB Darren Gordam 0-0: Called Strike
0-1: Ball
1-1: Swinging Strike
1-2: Foul Ball, location: 2F
1-2: Strikes out swinging
Batting: RHB Wendel Koudstaal 0-0: Swinging Strike
0-1: Ball
1-1: Foul Ball, location: 2F
1-2: Foul Ball, location: 2F
1-2: Fly out, F7 (Flyball, 7D, EV 83.1 MPH)
Bottom of the 7th over - 0 runs, 0 hits, 0 errors, 1 left on base; Eugene 0 - Myrtle Beach 5
TOP OF THE 8TH
Eugene Vandals batting - Pitching for Myrtle Beach Seahawks : RHP Joe Gregg
Batting: RHB Ángel Júlio 0-0: Called Strike
0-1: Called Strike
0-2: Ball
1-2: SINGLE (Line Drive, 34D, EV 110.6 MPH)
Pitching: RHP Roberto Córdova
Batting: RHB Adrián Serrano 0-0: Ball
1-0: Ball
2-0: Called Strike
2-1: Swinging Strike
2-2: Strikes out swinging
Batting: LHB Roosevelt Cartledge 0-0: Called Strike
0-1: Ball
1-1: Swinging Strike
1-2: Ball
2-2: SINGLE (Flyball, 89S, EV 96.2 MPH)
Ángel Júlio to second
Runner from 2nd tries for 3rd, SAFE, throw by RF made to third
Batting: SHB Dave Richards 0-0: Called Strike
0-1: Swinging Strike
0-2: Strikes out swinging
Batting: RHB Ken Francis 0-0: Ball
1-0: Called Strike
1-1: Called Strike
1-2: Ball
2-2: Foul Ball, location: 2F
2-2: Strikes out looking
Top of the 8th over - 0 runs, 2 hits, 0 errors, 2 left on base; Eugene 0 - Myrtle Beach 5
BOTTOM OF THE 8TH
Myrtle Beach Seahawks batting - Pitching for Eugene Vandals : LHP Jake Sewell
Batting: RHB Cristo Lucas 0-0: Called Strike
0-1: Swinging Strike
0-2: Ground out 4-3 (Groundball, 4, EV 85.6 MPH)
Batting: LHB Anton Zdravomyslov 0-0: Called Strike
0-1: Ball
1-1: Ball
2-1: Foul Ball, location: 2F
2-2: SINGLE (Line Drive, 89S, EV 87.5 MPH)
Pitching: RHP Hugo Pińón
Batting: RHB Xavier Botín 0-0: Ball
1-0: Ball
2-0: 2-RUN HOME RUN (Flyball, 7D, EV 98.1 MPH), Distance : 394 ft
Batting: RHB Bartolo Ayala 0-0: Ground out 5-3 (Groundball, 56, EV 104.4 MPH)
Batting: RHB Andrew Sprinkle 0-0: Ball
1-0: Ball
2-0: Foul Ball, location: 2F
2-1: Ball
3-1: Base on Balls
Batting: LHB Don Clark 0-0: Called Strike
0-1: Foul Ball, location: 2F
0-2: Strikes out swinging
Bottom of the 8th over - 2 runs, 2 hits, 0 errors, 1 left on base; Eugene 0 - Myrtle Beach 7
TOP OF THE 9TH
Eugene Vandals batting - Pitching for Myrtle Beach Seahawks : RHP Roberto Córdova
Batting: RHB Johnny Schultz 0-0: Foul Ball, location: 2F
0-1: Called Strike
0-2: Ball
1-2: Ball
2-2: Strikes out looking
Pinch Hitting: RHB Nate Martin 0-0: Ball
1-0: Swinging Strike
1-1: Ball
2-1: Ball
3-1: Called Strike
3-2: Strikes out swinging
Batting: RHB Will Ross 0-0: Ball
1-0: Fly out, F8 (Flyball, 8RS, EV 78.8 MPH)
Top of the 9th over - 0 runs, 0 hits, 0 errors, 0 left on base; Eugene 0 - Myrtle Beach 7
Friday, March 26th, 2021 - OOTP Baseball 20.8 Build 74